 Dungeon Sprint DCSS version 0.28-a0-381-g937acc2988 (webtiles) character file.

Game seed: 8160145327141688940

3126 Ankalagon the Fighter (level 9, -7/148 HPs)
             Began as a Naga Berserker on Sept 1, 2021.
             Was a High Priest of Trog.
             Killed from afar by a crystal guardian (12 damage)
             ... with a crystal bolt
             ... in the Dungeon (Sprint II: "The Violet Keep of Menkaure").
             The game lasted 00:07:03 (1004 turns).

Ankalagon the Fighter (Naga Berserker)              Turns: 1004, Time: 00:07:04

Health: -7/148     AC: 11    Str: 30    XL:     9   Next: 92%
Magic:  9/9        EV: 12    Int: 11    God:    Trog [*****.]
Gold:   266        SH:  9    Dex: 12    Spells: 8/8 levels left

rFire   . . .      SeeInvis +   a - +0 spear
rCold   + + .      Faith    .   z - +0 buckler of the Postmodern Stories {rC+ Int+4 Slay+3}
rNeg    . . .      Spirit   .   g - +1 scale mail of Daatzoul {Drain Fly Regen+ Str+10}
rPois   +          Reflect  +   i - +2 hat
rElec   .          Harm     .   j - +0 cloak {Stlth+}
rCorr   +          Rampage  .   (no gloves)
Will    +....      Rnd*Rage +   (no barding) Stlth ..........NoTele +
                                y - amulet of reflection
HPRegen 1.34/turn               s - ring of protection from cold
MPRegen 0.11/turn               t - ring of resist corrosion

@: berserking, flying, slowed, unable to read, very slow
A: AC +3, large, see invisible, deformed body, poison resistance, slowness 2,
spit poison 1, naga tail 1, berserk 1, clumsy 1, inability to read while
threatened
a: Spit Poison, Renounce Religion, Berserk, Trog's Hand, Brothers in Arms


You were in the Dungeon.
You worshipped Trog.
Trog was extremely pleased with you.
You visited 1 branch You collected 1024 gold pieces.
You spent 758 gold pieces at shops.

Inventory:

Hand Weapons
 a - a +0 spear (weapon)
 k - a +1 halberd {god gift}
Armour
 b - a +0 animal skin
 g - the +1 scale mail of Daatzoul (worn) {Drain Fly Regen+ Str+10}
   (You bought it in a shop in the Dungeon)

   Str:       It affects your strength (+10).
   Fly:       It grants you flight.
   Regen:     It increases your rate of health regeneration.
   Drain:     It drains your maximum health when unequipped.
 i - a +2 hat (worn)
 j - a +0 cloak of stealth (worn)
 z - the +0 buckler of the Postmodern Stories (worn) {rC+ Int+4 Slay+3}
   (You bought it in a shop in the Dungeon)

   Int:       It affects your intelligence (+4).
   Slay:      It affects your accuracy & damage with ranged weapons and melee
   (+3).
   rC:        It protects you from cold.
Jewellery
 p - an amulet of the acrobat
 s - a ring of protection from cold (left hand)
 t - a ring of resist corrosion (right hand)
 w - an amulet of regeneration
 x - a ring of fire
 y - an amulet of reflection (around neck)
Scrolls
 h - a scroll of blinking
 l - a scroll of enchant armour {unknown}
 m - 7 scrolls of identify {unknown}
 o - a scroll of magic mapping {unknown}
 q - 2 scrolls of holy word {unknown}
 v - a scroll of acquirement {unknown}
Potions
 d - a potion of heal wounds
 e - 2 potions of haste
 f - 5 potions of magic
 n - a potion of ambrosia {unknown}
 r - 3 potions of resistance {unknown}
 u - 3 potions of flight {unknown}


   Skills:
 - Level 12.4 Fighting
 - Level 12.0 Polearms
 + Level 6.1 Armour
 - Level 10.7 Dodging
 - Level 2.4 Shields


You had 8 spell levels left.
You didn't know any spells.
Your spell library was empty.

Dungeon Overview and Level Annotations

Branches:
Dungeon (1/1)

Altars:
Cheibriados
Dithmenos
Elyvilon
Fedhas
Gozag
Hepliaklqana
Kikubaaqudgha
Makhleb
Nemelex Xobeh
Okawaru
Qazlal
Ru
Sif Muna
Trog
Uskayaw
Vehumet
Wu Jian
Xom
Yredelemnul
Zin
The Shining One
Beogh
Jiyva
Lugonu

Shops:
D :[!:=(![*?=[?:(

Annotations:
D exclusion: oklob plant


Innate Abilities, Weirdness & Mutations

Your serpentine skin is tough. (AC +3)
You have supernaturally acute eyesight. (SInv)
Armour fits poorly on your strangely shaped body.
Your system is resistant to poisons. (rPois)
You cover ground very slowly.
You can spit poison.
You have a snake-like lower body.
You tend to lose your temper in combat.
You are clumsy. (Dex -2)
You sometimes lose the ability to read scrolls when taking damage.


Message History

The crystal guardian is heavily damaged.
You are engulfed in dark miasma.
You puncture the crystal guardian!
The crystal guardian is severely damaged.
You are engulfed in dark miasma.
You feel as though you will be slow longer.
The crystal guardian hits you!!
You feel threatened and lose the ability to read scrolls!
* * * LOW HITPOINT WARNING * * *
Reach: a) +0 spear
Press: ? - help, Dir - move target, f - crystal guardian
Aim: a crystal guardian (foul pestilence, severely damaged, about 2% to evade your +0 spear)
You hit the crystal guardian but do no damage.
The crystal guardian is severely damaged.
You are engulfed in dark miasma.
Reach: a) +0 spear
Press: ? - help, Dir - move target, f/p - crystal guardian
Aim: a crystal guardian (foul pestilence, severely damaged, about 2% to evade your +0 spear)
You hit the crystal guardian.
The crystal guardian is severely damaged.
You are engulfed in dark miasma.
* * * LOW HITPOINT WARNING * * *
The crystal guardian hits you!
* * * LOW HITPOINT WARNING * * *
Reach: a) +0 spear
Press: ? - help, Dir - move target, f/p - crystal guardian
Aim: a crystal guardian (foul pestilence, severely damaged, about 2% to evade your +0 spear)
You hit the crystal guardian.
The crystal guardian is severely damaged.
You are engulfed in dark miasma.
Reach: a) +0 spear
Press: ? - help, Dir - move target, f/p - crystal guardian
Aim: a crystal guardian (foul pestilence, severely damaged, about 2% to evade your +0 spear)
You hit the crystal guardian but do no damage.
The crystal guardian is severely damaged.
The death drake bites you!
* * * LOW HITPOINT WARNING * * *
The crystal guardian fires a crystalline bolt at you.
The crystal bolt freezes you! You resist.
You die... ++ #=[▓▓▓▓▓▓▓▓▓▓▓ . .. .. .#|°▓..)..)..▓▓ ## ##.. #. .#|○▓)...)..(▓▓ #. .##.#### +.##.#||▓([))....▓▓ .. .. ...# ...####▓))).(.)(▓▓ B#B

###..## #.○##.#▓..(.(...▓▓
##+###.##..# +^○#..#▓(...)...▓▓
##.##...#..# #k9#..#▓..))....▓▓
'.<.'##.'..####.@##†#▓..(...([▓▓
##.##.###....###...##▓▓▓▓▓▓▓'▓▓▓▓
##'###.##......≈≈≈≈÷≈≈≈≈≈≈≈≈.──Xw
#.#.####≈≈.....≈#)########'###w≈w
..#..#≈≈≈§§≈≈..≈#_._.....#≈§≈##≈≈
#...##≈≈≈≈≈≈≈≈.≈#._._....#≈§§≈###
##+##≈≈≈≈§≈§§≈≈≈#_._._...#≈§≈≈§#
≈≈ ≈≈≈≈≈§§§≈§§≈≈#._._._..#≈≈≈≈§§#
++#+++#≈≈§≈§≈≈≈≈#_._._._.#≈§§§§§+


You could see a death drake and a crystal guardian.

Vanquished Creatures
  A death drake (D)
  A yaktaur (D)
  3 polar bears (D)
  A hornet (D)
  4 neqoxecs (D)
  A vampire mosquito (D)
  2 swamp drakes (D)
  5 water moccasins (D)
  4 necrophages (D)
  A worm (D)
23 creatures vanquished.

Vanquished Creatures (others)
  Menkaure (D)
  2 worms (D)
  8 tentacles (D)
11 creatures vanquished.

Grand Total: 34 creatures vanquished

Notes
Turn   | Place    | Note
-------+----------+-------------------------------------------
     0 | D        | Ankalagon the Naga Berserker began the quest for the Orb.
     0 | D        | Reached XP level 1. HP: 21/21 MP: 1/1
     1 | D        | Noticed a boulder beetle
     1 | D        | Noticed a boulder beetle
     7 | D        | Noticed a necrophage
     7 | D        | Noticed a necrophage
     7 | D        | Noticed a necrophage
     7 | D        | Noticed a necrophage
    14 | D        | Killed a necrophage
    15 | D        | Reached XP level 2. HP: 34/34 MP: 2/2
    15 | D        | Reached XP level 3. HP: 42/42 MP: 3/3
    15 | D        | Reached XP level 4. HP: 49/49 MP: 4/4
    19 | D        | Killed a necrophage
    20 | D        | Reached XP level 5. HP: 58/58 MP: 5/5
    26 | D        | Killed a necrophage
    26 | D        | Reached ** piety under Trog
    27 | D        | Reached XP level 6. HP: 66/69 MP: 6/6
    32 | D        | Killed a necrophage
    33 | D        | Reached skill level 10 in Fighting
    33 | D        | Reached skill level 10 in Polearms
    52 | D        | Killed Menkaure
   199 | D        | Noticed a water moccasin
   204 | D        | Killed a water moccasin
   213 | D        | Noticed a neqoxec
   213 | D        | Noticed a neqoxec
   213 | D        | Noticed a neqoxec
   213 | D        | Noticed a neqoxec
   214 | D        | Gained mutation: You sometimes lose the ability to read
                  | scrolls when taking damage. [a neqoxec]
   220 | D        | Killed a neqoxec
   220 | D        | Reached *** piety under Trog
   221 | D        | Reached XP level 7. HP: 80/80 MP: 7/7
   222 | D        | Gained mutation: You tend to lose your temper in combat. [a
                  | neqoxec]
   233 | D        | Killed a neqoxec
   240 | D        | Killed a neqoxec
   240 | D        | Gained mutation: You are clumsy. (Dex -2) [a neqoxec]
   246 | D        | Killed a neqoxec
   246 | D        | Reached **** piety under Trog
   247 | D        | Reached XP level 8. HP: 72/93 MP: 8/8
   277 | D        | Found Ygofroon's Antique Armour Shoppe.
   277 | D        | Found Lushruomm's Antique Armour Shoppe.
   277 | D        | Found Liuppap's Distillery.
   277 | D        | Found Plog's Antique Weapon Shoppe.
   277 | D        | Found Vupseih's Jewellery Emporium.
   278 | D        | Found Kicoju's Book Emporium.
   278 | D        | Found Xigyreh's Magic Scroll Shoppe.
   278 | D        | Found Casuim's General Store.
   278 | D        | Found Tilet's Jewellery Shoppe.
   278 | D        | Found Wiub's Book Emporium.
   279 | D        | Found Noamnug's Distillery.
   279 | D        | Found Awnunt's Antique Armour Emporium.
   280 | D        | Found Ifuodyeblu's Magic Scroll Shoppe.
   280 | D        | Found Ebasafoepi's Antique Weapon Emporium.
   280 | D        | Noticed a cane toad
   280 | D        | Noticed a cane toad
   281 | D        | Noticed an oklob plant
   282 | D        | Noticed a fire dragon
   294 | D        | Found Uduamak's Book Shoppe.
   474 | D        | Bought an aquamarine-encrusted scale mail for 207 gold
                  | pieces
   474 | D        | Identified the +1 scale mail of Daatzoul {Drain Fly Regen+
                  | Str+10} (You bought it in a shop in the Dungeon)
   484 | D        | Bought an embroidered hat for 161 gold pieces
   484 | D        | Bought a runed cloak for 172 gold pieces
   516 | D        | Found an iron altar of Okawaru.
   516 | D        | Found a radiant altar of Vehumet.
   516 | D        | Found a glowing silver altar of Zin.
   517 | D        | Found a sparkling altar of Nemelex Xobeh.
   517 | D        | Found a hide-covered altar of Uskayaw.
   518 | D        | Found an opulent altar of Gozag.
   518 | D        | Found a burning altar of Makhleb.
   518 | D        | Found a bloodstained altar of Trog.
   518 | D        | Found a basalt altar of Yredelemnul.
   519 | D        | Found a blossoming altar of Fedhas.
   519 | D        | Found a corrupted altar of Lugonu.
   519 | D        | Found a shimmering blue altar of Sif Muna.
   520 | D        | Found a white marble altar of Elyvilon.
   520 | D        | Found an ancient bone altar of Kikubaaqudgha.
   521 | D        | Found a shadowy altar of Dithmenos.
   521 | D        | Found a viscous altar of Jiyva.
   522 | D        | Found a snail-covered altar of Cheibriados.
   524 | D        | Found a shimmering altar of Xom.
   524 | D        | Found a sacrificial altar of Ru.
   524 | D        | Found a hazy altar of Hepliaklqana.
   524 | D        | Noticed a hornet
   524 | D        | Noticed a polar bear
   524 | D        | Noticed a polar bear
   524 | D        | Noticed a yaktaur
   524 | D        | Noticed a polar bear
   525 | D        | Found a glowing golden altar of the Shining One.
   525 | D        | Found an ornate altar of the Wu Jian Council.
   525 | D        | Found a stormy altar of Qazlal.
   538 | D        | Killed a polar bear
   539 | D        | Reached skill level 5 in Dodging
   549 | D        | Killed a polar bear
   558 | D        | Killed a polar bear
   558 | D        | Reached ***** piety under Trog
   567 | D        | Killed a hornet
   568 | D        | Reached XP level 9. HP: 78/99 MP: 9/9
   575 | D        | Killed a yaktaur
   613 | D        | Noticed a kraken
   634 | D        | Reached skill level 10 in Dodging
   637 | D        | Received a gift from Trog
   848 | D        | Bought a slimy buckler for 218 gold pieces
   848 | D        | Identified the +0 buckler of the Postmodern Stories {rC+
                  | Int+4 Slay+3} (You bought it in a shop in the Dungeon)
   876 | D        | Reached skill level 1 in Shields
   909 | D        | Noticed a death drake
   928 | D        | Killed a death drake
   929 | D        | Reached skill level 5 in Armour
   989 | D        | Noticed a crystal guardian
   989 | D        | Noticed a death drake
  1004 | D        | HP: 5/148 [death drake (9)]
  1004 | D        | Killed from afar by a crystal guardian

Illustrated notes

Levels and vault maps discovered:
D:        the_violet_keep_of_menkaure [sprint2_stairs_cluster_1,
          sprint2_shoproom, sprint2_temple, sprint2_basic_supplies,
          sprint2_obstacle_3, sprint2_obstacle_6, sprint2_obstacle_1,
          sprint2_obstacle_2, sprint2_obstacle_5, sprint2_timed_cluster_1,
          sprint2_smallroom_cluster_1, sprint2_smallroom_final_cluster_1,
          sprint2_transparent_cluster_1, sprint2_second_timed_cluster_1,
          sprint2_sniper_area_1, sprint2_heavy_combat_area_1,
          sprint2_mutation_trap_area_1, sprint2_forest_area_1,
          sprint2_light_combat_area_1, sprint2_behind_water_1,
          sprint2_near_end_vault_1]

Skill      XL: |  1  2  3  4  5  6  7  8  9 |
---------------+----------------------------+-----
Fighting       | 6 8 9 10 12 | 12.4
Polearms       | 6 8 9 10 12 | 12.0
Dodging        | 8 10 | 10.7
Armour         | 6 |  6.1
Shields        | 2 |  2.4

Action                   |  1- 3 |  4- 6 |  7- 9 || total
-------------------------+-------+-------+-------++-------
Melee: Spear             |     6 |    42 |   157 ||   205
Invok: Berserk           |       |     1 |     3 ||     4
       Trog's Hand       |       |     1 |     2 ||     3
 Abil: Spit Poison       |       |       |     1 ||     1
  Use: Potion            |     1 |       |     1 ||     2
Armor: Animal skin       |       |     1 |     3 ||     4
       Scale mail        |       |       |    26 ||    26
Dodge: Dodged            |     3 |     5 |    45 ||    53
Block: Buckler           |       |       |     9 ||     9
       Other             |       |       |     1 ||     1

Table legend: (Time is in decaauts)
 A = Elapsed time spent in this place.
 B = Non-inter-level travel time spent in this place.
 C = Inter-level travel time spent in this place.
 D = Time resting spent in this place.
 E = Time spent auto-exploring this place.
 F = Levels seen in this place.
 G = Mean time per level.
                   A        B        C        D        E       F      G
               +--------+--------+--------+--------+--------+-----+--------+
         Total |   1087 |   1066 |     21 |    276 |    133 |   1 | 1087.0 |
       Dungeon |   1087 |   1066 |     21 |    276 |    133 |   1 | 1087.0 |
               +--------+--------+--------+--------+--------+-----+--------+

Top non-repeatable levels by time:
       D: 1087 daAuts
